 BcadrenCrawl: Boulder Brew version 0.05.32 (webtiles) character file.

Game seed: 5254510557357532002, levelgen mode: deterministic

8689 BR41ND34D the Thaumaturge (level 11, 0/6 HPs) Fairy Summoner. Began on Oct 4, 2021. Was an Elder of Sif Muna. Slain by an orc knight ... wielding a cursed +2 long sword of slicing {(Curse: Fragile)} (1 damage) ... on level 6 of the Dungeon on Oct 5, 2021. The game lasted 01:58:51 (6955 turns).

BR41ND34D the Thaumaturge (Fairy Summoner)          Turns: 6955, Time: 01:58:53

Health: 0/6        AC:  0    Str:  2    XL:     11 ^: 9434
Magic:  2/5        EV: 35    Int: 21    God:    Sif Muna [4* [109]]
Gold:   241        SH:  0    Dex: 18    Spells: 17/31 levels left

rFire    . . .     Vision   .   g - ring of wizardry
rCold    . . .     Gourm    .
rNeg     . . .     Faith    .
rCorr    . . .     Spirit   .
rPois    .         Reflect  .
rElec    .         Harm     .
MR       ++...
Stlth    ++........
HPRegen  0.12/turn
MPRegen  0.15/turn

@: flying, very slightly contaminated, glowing, slow
A: tiny, no armour or weapons, only one jewelry slot, no melee attacks, fairy
magic, fairy shield, decreased potion and divine healing, unfitting armour,
flight, slowness 1, fairy light 1, insubstantial
a: Stop Flying, Divine Energy, Channel Magic, Forget Spell, Renounce Religion


You were on level 6 of the Dungeon.
You worshipped Sif Muna.
Sif Muna was greatly pleased with you.
You were hungry.

You visited 2 branches of the dungeon, and saw 7 of its levels.

You collected 241 gold pieces.

Inventory:

Jewellery
 g - a ring of wizardry (around core)
 i - an uncursed ring of stealth
 m - an uncursed amulet of rage
 p - a cursed ring of intelligence {(Curse: MR-)}
 z - an uncursed ring of dexterity
 A - a cursed ring of magical power {(Curse: Dex-2)}
 D - an uncursed amulet of harm
Wands
 r - a wand of ensnaring (11)
 u - a wand of flame (17)
 B - a wand of iceblast (2)
 E - a wand of acid (7)
 F - a wand of polymorph (2)
Scrolls
 c - 2 scrolls of teleportation
 h - 4 scrolls of enchantment
 n - a scroll of torment
 s - 2 scrolls of immolation
 w - a scroll of silence
 x - a scroll of bless item
 y - a scroll of holy word
Potions
 a - 2 potions of lignification
 d - a potion of amnesia
 e - 2 potions of heal wounds
 j - 3 potions of curing
 k - 2 potions of agility
 l - 3 potions of might
 o - 6 potions of mutation
 q - 2 potions of magic
 t - a potion of resistance
 C - a potion of cure mutation
Miscellaneous
 f - a fan of gales
Comestibles
 b - 14 rations
 v - 21 chunks of flesh


   Skills:
 + Level 9.3 Dodging
 + Level 5.9 Stealth
 * Level 10.8 Spellcasting
 * Level 9.7 Summonings
 - Level 3.0 Fire Magic
 + Level 5.4 Invocations


You had 17 spell levels left.
You knew the following spells:

 Your Spells              Type           Power        Failure   Level  Hunger
a - Foxfire               Fire           24 (25)      1%          1    0
b - Summon Small Mammal   Summ           25 (25)      1%          1    0
c - Call Canine Familiar  Summ           51 (100)     1%          3    0
d - Summon Ice Beast Ice/Summ 31 (100) 3% 4 0-73 e - Summon Lightning Spi Summ/Air       31 (100)     9%          5    93-253

Your spell library contained the following spells:

 Spells                   Type           Power        Failure   Level  Hunger
 Call Imp                 Summ           51 (100)     1%          2    0


Dungeon Overview and Level Annotations

Branches:
Dungeon (6/8)              Temple (1/1) D:4            Lair (0/6) D:5
    Orc (0/2) D:6

Altars:
Ashenzari
Cheibriados
Dithmenos
Elyvilon
Fedhas Madash
Gozag Ym Sagoz
Hepliaklqana
Kikubaaqudgha
Makhleb
Nemelex Xobeh
Okawaru
Qazlal
Ru
Sif Muna
Trog
Uskayaw
Vehumet
Wu Jian
Xom
Yredelemnul
Zin
The Shining One
Beogh

Shops:
D:4 (

Annotations:
D:5 exclusion: ice statue


Innate Abilities, Weirdness & Mutations

You are too small to use any gear.
You can wear a single ring or amulet completely around your body.
You are incapable of melee of any kind.
Your magic reserves are extremely low but spells that normally cost one mana are free and all other spells cost one mana.
You are extremely frail but all attacks that strike you do exactly one damage.
The effect of potions and godly healing effects is reduced to match your tiny health and magic reserves.
You are able to fly continuously.
You cover ground slowly.
You exude a bright light in a small radius around yourself.
Your insubstantial form boosts your evasion and grants immunity to sticky flames, nets and constriction.


Message History

Your ice beast freezes the slime creature (13)!
The slime creature seems to slow down.
Your ice beast hits the slime creature (4).
Your ice beast freezes the slime creature (9)!
The slime creature seems to slow down.
The slime creature hits your ice beast but does no damage.
The orc knight closely misses you (0).
The orc knight roars a battlecry!
The orc knight goes into a battle-frenzy!
Your ice beast hits the slime creature (2).
Your ice beast freezes the slime creature (6).
Your ice beast hits the orc knight (2).
Your ice beast freezes the orc knight (14)!
Casting: Summon Ice Beast (safe; 3% risk of failure)
Confirm with . or Enter, or press ? or * to list all spells.
You conjure some foxfire!
Your ice beast hits the slime creature (1).
Your ice beast freezes the slime creature (8)!
The orc knight hits you with a cursed +2 long sword of slicing {(Curse: Fragile)} (25)!!
You die...

......#..........'.$.....
....###..........#Y.)....
#....#............#J......
####....#............#..)....
#.......#............#.......
#.......####...#######.......
#..........#####.............
#####................J...[.......
...............*@o...Y.).....####
...............*.oY....).....#
.............................#
..........[.....##############
#################


You could see 2 orc knights, a slime creature (inner flame) and 2 friendly ice
beasts.

Vanquished Creatures
  2 ice devils (D:5)
  2 trolls
  A hippogriff (D:5)
  Sigmund (D:3)
  3 yaks
  An acid dragon (D:6)
  A necrophage (D:5)
  An ice beast (D:5)
  A sky beast (D:5)
  A big kobold (D:5)
  A centaur (D:5)
  A killer bee (D:5)
  2 orc priests
  3 jellies (D:2)
  An iguana (D:3)
  5 giant cockroaches
  A bullfrog zombie (D:4)
  A shadow imp (D:4)
  4 adders
  6 ufetubi (D:5)
  A dart slug (D:1)
  3 leopard geckos
  10 orcs
  10 bats
  6 goblins (D:1)
  2 hobgoblins (D:1)
  A jackal (D:5)
  6 kobolds
  A leopard gecko skeleton (D:5)
  5 rats (D:1)
84 creatures vanquished.

Vanquished Creatures (collateral kills)
  4 two-headed ogres
  A hydra (D:4)
  A manticore (D:6)
  3 trolls
  2 dream sheep (D:4)
  A cyclops (D:6)
  A vampire (D:5)
  A hippogriff (D:5)
  5 yaks
  A basilisk (D:5)
  2 hungry ghosts
  4 wargs (D:6)
  A phantom (D:5)
  2 water moccasins
  9 orc warriors
  2 scorpions
  2 black bears (D:5)
  A sky beast (D:4)
  7 ogres
  A crocodile (D:2)
  5 bullfrogs
  7 big kobolds
  3 centaurs
  2 howler monkeys (D:5)
  4 killer bees (D:5)
  A quasit (D:5)
  A crimson imp (D:3)
  An orc priest (D:6)
  4 hounds
  11 jellies
  3 orc wizards
  Terence (D:2)
  2 iguanas
  7 worker ants
  A wyvern skeleton (D:5)
  2 bullfrog zombies
  2 bullfrog skeletons
  5 adders
  33 sewer rats (D:2)
  A white imp (D:4)
  2 worms
  11 cinder newts
  A killer bee zombie (D:5)
  A worker ant zombie (D:5)
  A hound skeleton (D:5)
  5 oozes (D:2)
  4 leopard geckos
  42 orcs
  3 adder skeletons
  9 jackals
  A quokka (D:5)
  A ball python (D:2)
  A bat (D:2)
  10 kobolds
  2 rats
  7 withered plants (D:2)
248 creatures vanquished.

Vanquished Creatures (others)
  A jelly (D:2)
  3 sewer rats (D:2)
  A leopard gecko (D:2)
  A bat (D:2)
  2 rats (D:2)
  A rat skeleton (D:2)
  A butterfly (D:3)
  714 foxfires
  4 giant blowflies (D:2)
  6 plants
  4 slimeheads (D:2)
  199 withered plants (D:2)
937 creatures vanquished.

Grand Total: 1269 creatures vanquished

Notes
Turn   | Place    | Note
-------+----------+-------------------------------------------
     0 | D:1      | BR41ND34D the Fairy Summoner began the quest for the Orb.
     0 | D:1      | Reached XP level 1. HP: 3/3 MP: 3/3
   185 | D:1      | Reached XP level 2. HP: 3/3 MP: 3/3
   223 | D:1      | Reached skill level 3 in Spellcasting
   247 | D:1      | Reached XP level 3. HP: 4/4 MP: 3/3
   448 | D:1      | Learned a level 4 spell: Summon Ice Beast
   722 | D:2      | Reached XP level 4. HP: 4/4 MP: 3/3
   741 | D:2      | Learned a level 3 spell: Call Canine Familiar
   864 | D:2      | Reached skill level 4 in Spellcasting
   864 | D:2      | Reached XP level 5. HP: 3/4 MP: 3/3
  1192 | D:2      | Reached XP level 6. HP: 5/5 MP: 2/3
  1527 | D:2      | Reached skill level 5 in Spellcasting
  1554 | D:2      | Reached skill level 5 in Summonings
  1645 | D:2      | Reached XP level 7. HP: 5/5 MP: 2/3
  1705 | D:2      | Noticed Terence
  1713 | D:2      | Killed Terence
  1913 | D:2      | Reached skill level 5 in Dodging
  2647 | D:2      | Reached skill level 6 in Spellcasting
  2918 | D:3      | Noticed Sigmund
  2930 | D:3      | Killed Sigmund
  3067 | D:3      | Reached XP level 8. HP: 5/5 MP: 2/3
  3446 | D:3      | Found a shadowy altar of Dithmenos.
  3581 | D:4      | Found a staircase to the Ecumenical Temple.
  3595 | D:7      | Connectivity tunneler affected gammafunk_dig_for_victory.
  3595 | D:7      | Connectivity tunneler affected gammafunk_dig_for_victory.
  3595 | D:7      | Connectivity tunneler affected gammafunk_dig_for_victory.
  3595 | D:7      | Connectivity tunneler affected gammafunk_dig_for_victory.
  3595 | D:7      | Connectivity tunneler affected gammafunk_dig_for_victory.
  3595 | D:7      | Connectivity tunneler affected gammafunk_dig_for_victory.
  3595 | D:7      | Connectivity tunneler affected gammafunk_dig_for_victory.
  3595 | D:7      | Connectivity tunneler affected gammafunk_dig_for_victory.
  3595 | D:7      | Connectivity tunneler affected gammafunk_dig_for_victory.
  3595 | Temple   | Entered the Ecumenical Temple
  3685 | Temple   | Became a worshipper of Sif Muna the Loreminder
  3848 | D:4      | Reached skill level 7 in Spellcasting
  4111 | D:4      | Reached skill level 1 in Invocations
  4160 | D:4      | Found Asoipez's Weapon Boutique.
  4383 | D:4      | Found a shadowy altar of Dithmenos.
  4477 | D:4      | Reached * piety under Sif Muna
  4754 | D:4      | Reached skill level 8 in Spellcasting
  4754 | D:4      | Reached XP level 9. HP: 6/6 MP: 2/4
  4796 | D:4      | Noticed a two-headed hydra
  4796 | D:4      | Identified the cursed ring of Vill {+Inv rC+ Str+3 Int+2
                  | Stlth-, (Curse: Fragile)}
  4804 | D:4      | Killed a two-headed hydra
  4928 | D:5      | Entered Level 5 of the Dungeon
  4928 | D:5      | Noticed a two-headed ogre
  4935 | D:5      | Noticed a two-headed ogre
  4936 | D:5      | Killed a two-headed ogre
  4941 | D:5      | Killed a two-headed ogre
  4941 | D:5      | Reached ** piety under Sif Muna
  4948 | D:5      | Reached skill level 9 in Spellcasting
  5055 | D:5      | Noticed an ice devil
  5057 | D:5      | Noticed an ice devil
  5057 | D:5      | Noticed an ice devil
  5058 | D:5      | Noticed an ice devil
  5058 | D:5      | Noticed an ice statue
  5064 | D:5      | Noticed an ice devil
  5101 | D:5      | Killed an ice devil
  5101 | D:5      | Reached skill level 5 in Stealth
  5146 | D:5      | Noticed a troll
  5158 | D:5      | Killed a troll
  5194 | D:5      | Reached XP level 10. HP: 6/6 MP: 3/4
  5285 | D:5      | Noticed a two-headed ogre
  5294 | D:5      | Killed a two-headed ogre
  5482 | D:4      | Learned a level 5 spell: Summon Lightning Spire
  5495 | D:5      | Reached *** piety under Sif Muna
  5591 | D:5      | Reached skill level 10 in Spellcasting
  5701 | D:5      | Found a staircase to the Lair.
  6475 | D:6      | Found a roughly hewn altar of Beogh.
  6489 | D:6      | Found a staircase to the Orcish Mines.
  6617 | D:6      | Noticed a two-headed ogre
  6626 | D:6      | Reached skill level 5 in Invocations
  6628 | D:6      | Killed a two-headed ogre
  6713 | D:6      | Reached XP level 11. HP: 6/6 MP: 5/5
  6720 | D:6      | Reached **** piety under Sif Muna
  6827 | D:6      | Noticed an orc knight
  6840 | D:6      | Identified the cursed ring "Tuxtyod" {Int+3 Dex+5, (Curse:
                  | Fragile)}
  6912 | D:6      | Noticed an orc knight
  6955 | D:6      | Slain by an orc knight

Levels and vault maps discovered:
D:1:      scummos_arrival_star, layout_basic, nrook_mini_vaults
D:2:      layout_sewer, uniq_terence
D:3:      layout_loops_ring, grunt_dithmenos_smoke, first_ration,
          kennysheep_generic_room_11, uniq_sigmund
D:4:      layout_basic, minmay_temple_entry_grid, basic_altar, hangedman_ranch
          [blue_anna_fruit_fields], kennysheep_windowed_goal
D:5:      cheibrodos_frozen_isle, layout_basic, david_lair_generic
D:6:      lemuel_castle_with_subvaults [lemuel_castle_interior_carwin_2],
          layout_irregular_city, david_orc_5
Temple:   grunt_wide_crystal_templ

Skill      XL: |  1  2  3  4  5  6  7  8  9 10 |
---------------+-------------------------------+-----
Dodging        | 3 4 5 6 7 9 |  9.3
Spellcasting   | 3 4 5 6 8 9 10 | 10.8
Stealth        | 2 3 4 5 |  5.9
Fire Magic     | 2 3 |  3.0
Summonings     | 5 6 8 9 |  9.7
Invocations    | 2 3 5 |  5.4

Action                   |  1- 3 |  4- 6 |  7- 9 | 10-12 || total
-------------------------+-------+-------+-------+-------++-------
 Cast: Foxfire           |    51 |    56 |   148 |   175 ||   430
       Summon Small Mamm |     1 |    20 |     1 |       ||    22
       Call Canine Famil |       |    15 |    38 |    28 ||    81
       Summon Ice Beast  |       |    24 |    77 |    87 ||   188
       Summon Lightning  |       |       |       |     2 ||     2
 Abil: Fly               |       |       |     1 |       ||     1
  Use: Scroll            |       |       |     1 |     3 ||     4
       Potion            |       |       |       |     2 ||     2
  Eat: Chunk             |       |     8 |    21 |     9 ||    38
       Ration            |       |       |     1 |       ||     1
Dodge: Dodged            |    25 |   101 |   120 |   220 ||   466
